 Dungeon Crawl Stone Soup version 0.26.1-11-gd32895ea62 (webtiles) character file.

Game seed: 15030994568099817817

627468 promet the Imperceptible (level 27, -6/158 HPs)
             Began as a Vine Stalker Fighter on July 16, 2021.
             Was the Champion of Wu Jian.
             Mangled by a ghost moth (11 damage)
             ... on level 5 of the Realm of Zot on Aug 23, 2021.
             The game lasted 16:25:56 (78386 turns).

promet the Imperceptible (Vine Stalker Fighter)    Turns: 78386, Time: 16:25:56

Health: -6/158     AC:  0    Str: 17 (19) XL:     27
Magic:  0/32       EV: 21    Int:  8 (9)  God:    Wu Jian [******]
Gold:   8029       SH:  5    Dex: 21 (22) Spells: 28/36 levels left

rFire    . . .     SeeInvis .   (weapon currently unavailable)
rCold    . . .     Faith    .   (shield currently unavailable)
rNeg     . . .     Spirit   +   (armour currently unavailable)
rPois    .         Reflect  +   (helmet currently unavailable)
rElec    .         Harm     .   (cloak currently unavailable)
rCorr    .         Rampage  .   (gloves currently unavailable)
Will     ++++.     Rnd*Rage +   (boots currently unavailable)
Stlth    ++++++++..             l - amulet of reflection
HPRegen  1.56/turn              (ring currently unavailable)
MPRegen  0.23/turn              (ring currently unavailable)

@: pig-form, marked, studying Stealth, very quick
A: small, berserk 1, blurry vision 2, strong-willed 1, regeneration 3, weak 2,
magic shield, no potion heal 3
}: 3/15 runes: decaying, serpentine, silver
a: Renounce Religion, Wall Jump, Serpent's Lash, Heavenly Storm


You were on level 5 of the Realm of Zot.
You worshipped Wu Jian.
Wu Jian was exalted by your worship.
You were a filthy swine.
You visited 9 branches of the dungeon, and saw 49 of its levels.
You also visited: Wizlab.

You collected 11231 gold pieces.
You spent 3202 gold pieces at shops.

Inventory:

Hand Weapons
 a - a +9 quick blade of venom (melded)
 b - a +7 fustibalus of flaming
 x - the +2 flail "Koahuw Tok" {venom, Int+3 Stlth+}
   (You found it on level 5 of the Vaults)

   It poisons the flesh of those it strikes.
   It affects your intelligence (+3).
   It makes you more stealthy.
 H - a +5 spear of freezing
 J - the +10 rapier "Eparr" {elec, rN++ Int-3}
   (You bought it in a shop on level 9 of the Dungeon)

   Occasionally, upon striking a foe, it can discharge electrical energy and
   cause terrible harm.
   It affects your intelligence (-3).
   It greatly protects you from negative energy.
 K - a +6 scimitar of flaming
 P - the +10 long sword "Beastslayer" {venom, rF+++ rC- Dex-5 SInv}
   (You acquired it on level 3 of the Depths)

   It poisons the flesh of those it strikes.
   It affects your dexterity (-5).
   It renders you almost immune to fire.
   It makes you vulnerable to cold.
   It lets you see invisible.
Missiles
 f - 22 boomerangs (quivered)
 u - 286 sling bullets
 V - 12 curare-tipped darts
Armour
 c - a +5 kite shield (melded)
 w - the +2 chain mail "Xycuicimm" {rPois Dex-4 Stlth+}
   (You took it off a vault warden on level 5 of the Vaults)

   It affects your dexterity (-4).
   It protects you from poison.
   It makes you more stealthy.
 C - a +2 hat (melded)
 L - the +0 pair of gloves of the Maze (melded) {*Drain rF++ rC+++ Stlth-}
   (You acquired it on level 5 of the Realm of Zot)

   It greatly protects you from fire.
   It renders you almost immune to cold.
   It causes draining when unequipped.
   It makes you less stealthy.
 Q - a +2 cloak of stealth (melded)
 R - +2 gold dragon scales
 T - the +0 pair of boots of the Gusle (melded) {rF+++}
   (You acquired it on level 1 of the Swamp)

   It renders you almost immune to fire.
 W - the +3 plate armour of Spite (melded) {rF- rC+++ rCorr Str+2}
   (You found it on level 5 of the Vaults)

   It affects your strength (+2).
   It makes you vulnerable to fire.
   It renders you almost immune to cold.
   It provides partial protection from all sources of acid and corrosion.
Jewellery
 h - an uncursed ring of fire
 l - an amulet of reflection (around neck)
 n - the ring "Hapif" (melded) {Wiz Slay+5}
   (You found it on level 6 of the Lair of Beasts)

   [ring of wizardry]

   It improves your spell success rate.
   It affects your accuracy and damage with ranged weapons and melee attacks
   (+5).
 o - a +6 ring of dexterity
 v - the ring "Mumo" {*Tele rF++ rC++ Dex+4}
   (You took it off a vault warden on level 5 of the Vaults)

   [ring of teleportation]

   It may teleport you next to monsters.
   It affects your dexterity (+4).
   It greatly protects you from fire.
   It greatly protects you from cold.
 z - an uncursed ring of protection from cold
 I - a +4 ring of evasion
 M - the ring "Aman" (melded) {rN++ Will+ Stlth+}
   (You found it on level 14 of the Dungeon)

   [ring of stealth]

   It greatly protects you from negative energy.
   It affects your willpower, your defense against some magical effects.
   It makes you more stealthy.
 S - a +6 ring of dexterity
Wands
 e - a wand of iceblast (2)
 s - a wand of flame (13)
 y - a wand of acid (36)
 U - a wand of paralysis (29)
 Z - a wand of disintegration (22)
Scrolls
 d - 6 scrolls of fog
 k - 20 scrolls of teleportation
 m - a scroll of silence
 F - 9 scrolls of fear
 G - a scroll of remove curse
 X - a scroll of magic mapping
Potions
 g - 3 potions of brilliance
 i - a potion of might
 j - 8 potions of flight
 r - 18 potions of curing
 A - 2 potions of resistance
 B - 6 potions of haste
 E - a potion of magic
 N - 2 potions of invisibility
Books
 D - a manual of Stealth
Miscellaneous
 p - a tin of tremorstones (2/2)
 q - a box of beasts
 t - a lightning rod (4/4)
 O - a condenser vane
 Y - a phantom mirror


   Skills:
 + Level 20.6 Fighting
 + Level 17.3(17.6) Short Blades
 + Level 6.0(12.9) Long Blades
 + Level 1.4(1.5) Axes
 + Level 0.4(1.1) Maces & Flails
 + Level 10.1(13.8) Slings
 + Level 15.2(16.2) Throwing
 + Level 15.5 Armour
 + Level 7.5 Dodging
 * Level 21.0 Stealth
 + Level 18.9 Shields
 + Level 5.3 Spellcasting
 + Level 5.0 Necromancy
 + Level 10.3 Evocations


You had 28 spell levels left.
You knew the following spells:

 Your Spells              Type           Power        Failure   Level
a - Freeze                Ice            8%           26%         1
b - Animate Skeleton      Necr           20%          3%          1
c - Pain                  Necr           40%          3%          1
d - Sandblast             Erth           4%           26%         1
e - Magic Dart            Conj           8%           26%         1
f - Vampiric Draining     Necr           5%           10%         3

Your spell library contained the following spells:

 Spells                   Type           Power        Failure   Level
 Apportation              Tloc           4%           26%         1
 Sting                    Tmut/Pois      8%           26%         1
 Summon Small Mammal      Summ           8%           26%         1
 Animate Dead             Necr           5%           32%         4
 Blink                    Tloc           N/A          36%         2
 Call Imp                 Summ           2%           36%         2
 Ensorcelled Hibernation  Hex/Ice        4%           36%         2
 Passwall                 Tmut/Erth      1%           36%         2
 Poisonous Vapours        Pois/Air       4%           36%         2
 Searing Ray              Conj           4%           36%         2
 Slow                     Hex            2%           36%         2
 Call Canine Familiar     Summ           2%           58%         3
 Confusing Touch          Hex            2%           58%         3
 Conjure Flame            Conj/Fire      2%           58%         3
 Dazzling Flash           Conj/Hex       4%           58%         3
 Frozen Ramparts          Ice            4%           58%         3
 Gell's Gravitas          Tloc           1%           58%         3
 Ignite Poison            Fire/Tmut/Pois 2%           58%         3
 Lesser Beckoning         Tloc           1%           58%         3
 Mephitic Cloud           Conj/Pois/Air  2%           58%         3
 Ozocubu's Armour         Ice            2%           58%         3
 Static Discharge         Conj/Air       2%           58%         3
 Stone Arrow              Conj/Erth      4%           58%         3
 Summon Guardian Golem    Hex/Summ       2%           58%         3
 Tukima's Dance           Hex            2%           58%         3
 Agony                    Necr           10%          65%         5
 Fulminant Prism          Conj/Hex       1%           94%         4
 Hailstorm                Conj/Ice       2%           94%         4
 Iskenderun's Mystic Bla  Conj/Tloc      2%           94%         4
 Leda's Liquefaction      Hex/Erth       1%           94%         4
 Olgreb's Toxic Radiance  Pois           2%           94%         4
 Passage of Golubria      Tloc           N/A          94%         4
 Petrify                  Tmut/Erth      2%           94%         4
 Summon Ice Beast         Ice/Summ       2%           94%         4
 Summon Lightning Spire   Summ/Air       2%           94%         4
 Borgnjor's Vile Clutch   Necr/Erth      3%           94%         5
 Death Channel            Necr           5%           99%         6
 Alistair's Intoxication  Tmut/Pois      1%           100%        5
 Bolt of Magma            Conj/Fire/Erth 1%           100%        5
 Fireball                 Conj/Fire      1%           100%        5
 Irradiate                Conj/Tmut      1%           100%        5
 Lee's Rapid Deconstruct  Erth           1%           100%        5
 Lightning Bolt           Conj/Air       1%           100%        5
 Metabolic Englaciation   Hex/Ice        1%           100%        5
 Silence                  Hex/Air        1%           100%        5
 Summon Demon             Summ           1%           100%        5
 Summon Forest            Summ/Tloc      1%           100%        5
 Summon Mana Viper        Hex/Summ       2%           100%        5
 Yara's Violent Unravell  Hex/Tmut       1%           100%        5
 Conjure Ball Lightning   Conj/Air       1%           100%        6
 Freezing Cloud           Conj/Ice/Air   1%           100%        6
 Hydra Form               Tmut           1%           100%        6
 Invisibility             Hex            2%           100%        6
 Iron Shot                Conj/Erth      1%           100%        6
 Shadow Creatures         Summ           N/A          100%        6
 Simulacrum               Ice/Necr       3%           100%        6
 Starburst                Conj/Fire      1%           100%        6
 Statue Form              Tmut/Erth      1%           100%        6
 Dragon Form              Tmut           1%           100%        7
 Summon Hydra             Summ           1%           100%        7
 Ignition                 Fire           1%           100%        8
 Shatter                  Erth           1%           100%        9
 Tornado                  Air            1%           100%        9


Dungeon Overview and Level Annotations

Branches:
Dungeon (15/15)            Temple (0/1) D:7            Lair (6/6) D:10
  Swamp (4/4) Lair:2        Snake (4/4) Lair:2        Slime (0/5) Lair:6
    Orc (2/2) D:12            Elf (3/3) Orc:2        Vaults (5/5) D:14
  Crypt (0/3) Vaults:3     Depths (5/5) D:15            Zot (5/5) Depths:5
 WizLab (visited)

Altars:
Cheibriados
Elyvilon
Gozag
Hepliaklqana
Makhleb
Nemelex Xobeh
Okawaru
Qazlal
Ru
Sif Muna
Trog
Vehumet
Wu Jian
Xom
Zin
Beogh

Shops:
D:5 [([:=*   D:6 (   D:7 !   D:9 (   D:11 ?   D:15 }   Orc:2 }(([!   Vaults:3 [
Vaults:5 !!   Depths:1 !}   Depths:2 =

Portals:
Hell: Depths:1 Depths:2 Depths:3 Depths:4 Depths:5
Abyss: Depths:2 Depths:4
Pandemonium: Depths:3 Depths:4
Ziggurat: Depths:5
Trove: D:12 (show slimy rune of Zot)

Annotations:
D:12 3 runed translucent doors, Ekaitz's ghost, journeyman HOFE; dtburroughs's ghost, journeyman MiBe; vvl's ghost, journeyman OpTm
D:15 Roxanne
Swamp:1 2 runed translucent doors, bnorton916's ghost, journeyman DECj
Snake:4 3 runed translucent doors, exclusion: obsidian statue, Nuavonux's ghost, adept MiFi
Orc:1 1 transporter
Elf:1 9 runed translucent doors, exclusion: obsidian statue, wobbling's ghost, adept DsGl
Zot:4 2 transporters


Innate Abilities, Weirdness & Mutations

((You have razor-sharp teeth.))
You regenerate.
When hurt, damage is shared between your health and your magic reserves.
((Your bite disrupts and absorbs the magic of your enemies.))
Potions cannot restore your health.
((You have a pair of small horns on your head.))
((You are partially covered in iridescent scales. (AC +2)))
((You are partially covered in large bone plates. (SH +4)))
You tend to lose your temper in combat.
Scrolls take you longer to read.
((Armour fits poorly on your strangely shaped body.))
You are strong-willed. (Will+)
You are very weak. (Str -4)


Message History

The Orb Guardian hits you! The Killer Klown completely misses you.
An ancient lich comes into view.
Something hits you!
You feel clumsy. Something hits you!
* * * LOW HITPOINT WARNING * * *
You feel weakened. Something stings you!
* * * LOW HITPOINT WARNING * * *
Really read with blurry vision while enemies are nearby?
You block the Orb Guardian's attack.
The Killer Klown skips for a moment.
The Killer Klown closely misses you. You block something's attack.
Something hits you!
* * * LOW HITPOINT WARNING * * *
Something barely misses you. The Orb Guardian hits you!!
* * * LOW HITPOINT WARNING * * *
You begin reading the scroll.
You continue reading the scroll.
Something hits you!
You die...

.... ##............[## ....
#...........X.# ....
##.........L(## ....
#...........# ##...........##
#.........p...#
##.............##
#.......Xp......#
#▓▓▓▓########h########▓▓▓▓####
#.........# #{# #.##........
#.........# #†#####.##.#######
#.........# #†.........#
#.........# #)#####.########
#.........###.# #.# ##...##
#.........'...# #.###.(...##
#.........###.### #.##..#.#...
#.........# #...###.#....#....


You could see 2 Killer Klowns, an ancient lich and 2 Orb Guardians.

Vanquished Creatures
  Mara (Swamp:3)
  An ancient lich (Zot:5)
  2 orbs of fire
  2 juggernauts
  Boris (twice) (Vaults:3 Vaults:5)
  4 Killer Klowns
  2 curse toes (Zot:2)
  Xtahua (Vaults:4)
  Saint Roka (Snake:4)
  Bai Suzhen (Swamp:3)
  3 caustic shrikes (Depths:3)
  Nikola (Snake:1)
  Jory (Vaults:3)
  7 golden dragons
  A bone dragon (Depths:5)
  5 liches
  18 tentacled monstrosities
  13 Orb Guardians
  The ghost of Xafer the Impaler, an adept DsGl of Okawaru (Vaults:1)
  8 quicksilver dragons
  Frances (Swamp:1)
  7 titans
  3 death cobs
  5 sphinxes
  7 shadow dragons
  Agnes (Snake:2)
  4 tengu reavers
  A thorn hunter (Swamp:4)
  11 storm dragons
  6 nagarajas (Snake:4)
  7 draconian monks
  A fenstrider witch (Swamp:2)
  2 iron dragons
  17 vault wardens
  15 frost giants
  4 draconian knights
  12 fire giants
  A ghost moth (Zot:1)
  A balrug (Depths:4)
  2 orc warlords
  4 draconian scorchers
  A deep elf sorcerer (Vaults:5)
  Aizul (Snake:2)
  4 deep elf elementalists
  2 caustic shrike zombies (Depths:3)
  2 draconian annihilators
  A juggernaut zombie (Depths:4)
  11 ironheart preservers
  5 draconian stormcallers
  A draconian shifter (Zot:1)
  3 spriggan defenders (Depths:3)
  3 war gargoyles
  25 very ugly things
  A reaper (Depths:3)
  2 vampire knights
  27 stone giants
  4 deep elf demonologists
  9 black draconians
  8 green draconians
  Azrael (Elf:2)
  5 deep elf annihilators
  11 purple draconians
  A minotaur (Vaults:1)
  10 yellow draconians
  3 entropy weavers
  6 spark wasps
  8 bunyips
  21 ettins
  11 red draconians
  8 white draconians
  7 eleionomae
  Josephine (Orc:1)
  A merfolk javelineer (Vaults:1)
  A mummy priest (Depths:1)
  13 fire dragons
  A crystal guardian (Vaults:3)
  A jiangshi (Vaults:3)
  13 great orbs of eyes
  5 deep elf high priests
  A great orb of eyes (shapeshifter) (Vaults:1)
  17 yaktaur captains
  2 merfolk impalers (Vaults:1)
  Fannar (D:11)
  15 ice dragons
  Harold (Orc:1)
  35 hydras
  26 vault guards
  8 boulder beetles
  3 ghost crabs
  23 naga warriors
  2 peacekeepers (Elf:1)
  4 rakshasas
  2 catoblepae (Lair:6)
  Erica (D:10)
  15 centaur warriors
  4 spriggan air magi
  6 anacondas
  7 alligators
  29 dancing weapons
  58 two-headed ogres
  4 tengu warriors
  2 death knights
  6 deep troll shamans
  5 death yaks (Lair:6)
  12 spriggan berserkers
  8 deep troll earth magi
  16 ogre magi
  5 vampire magi
  20 naga sharpshooters
  3 orc high priests
  Urug (Lair:5)
  Nergalle (D:10)
  3 shock serpents
  A soul eater (Depths:3)
  27 deep elf knights
  A hell knight (Depths:5)
  Sonja (D:10)
  A spark wasp zombie (WizLab)
  5 goliath frogs
  3 salamander mystics
  A storm dragon skeleton (Depths:3)
  8 spriggan druids
  3 unseen horrors
  4 flayed ghosts
  5 glowing orange brains
  11 naga ritualists
  2 glowing orange brains (shapeshifter)
  2 phantasmal warriors
  24 deep trolls
  A shadow dragon zombie (Depths:4)
  11 bog bodies
  2 wizards
  12 swamp dragons
  4 harpies
  19 deep elf archers
  43 deep elf magi
  A tengu zombie (Depths:4)
  8 mana vipers
  3 necromancers
  11 ironbrand convokers
  11 orc knights
  A wolf spider zombie (D:14)
  5 wolf spiders
  43 ugly things
  A tengu skeleton (Depths:3)
  A mana viper (shapeshifter) (Vaults:5)
  3 large abominations (Elf:1)
  A fire giant zombie (Vaults:3)
  8 orc sorcerers
  3 manticores
  7 will-o-the-wisps
  11 cyclopes
  A frost giant zombie (WizLab)
  A sphinx skeleton (Depths:3)
  20 salamanders
  15 elephants
  A demonspawn zombie (WizLab)
  24 moths of wrath
  42 black mambas
  A black mamba (shapeshifter) (Vaults:4)
  6 guardian serpents
  28 naga magi
  13 vault sentinels
  A smoke demon (Depths:4)
  A human skeleton (Vaults:3)
  Maggie (D:8)
  A frost giant skeleton (Depths:4)
  A torpor snail (Lair:2)
  7 cane toads
  4 rime drakes
  6 kobold demonologists
  A gargoyle (D:15)
  2 rime drakes (shapeshifter)
  2 ice devils (D:12)
  A komodo dragon (shapeshifter) (Vaults:1)
  44 yaktaurs
  A hellwing (Depths:4)
  2 tengu conjurers (Depths:2)
  3 efreet (D:11)
  11 komodo dragons
  10 freezing wraiths
  2 yaktaurs (shapeshifter)
  3 small abominations (Elf:1)
  A guardian mummy (WizLab)
  A red devil (Depths:3)
  12 trolls
  3 polar bears
  4 bloated husks
  A meliai (shapeshifter) (Depths:3)
  14 tyrant leeches
  16 hornets
  Grinder (D:3)
  2 jumping spiders (Vaults:4)
  8 blink frogs
  A fire dragon zombie (WizLab)
  26 slime creatures
  2 frost giant simulacra
  A dream sheep (shapeshifter) (Depths:4)
  A meliai zombie (D:11)
  4 dream sheep (Lair:6)
  2 raiju (shapeshifter)
  An ettin zombie (Vaults:3)
  A centaur simulacrum (D:15)
  3 shadows
  2 redbacks
  3 wyverns
  A water elemental (Elf:2)
  A spriggan (shapeshifter) (Depths:4)
  A redback (shapeshifter) (Vaults:5)
  A vampire (D:15)
  32 yaks
  2 ynoxinuls
  8 fire elementals
  10 wraiths
  An orc simulacrum (Vaults:3)
  A basilisk (shapeshifter) (Vaults:2)
  2 chaos spawn
  A human (shapeshifter) (Vaults:5)
  14 spriggans
  7 basilisks
  An infernal demonspawn zombie (WizLab)
  5 vampire mosquitoes
  17 swamp worms
  6 wargs
  65 nagas
  2 acid dragons
  12 water moccasins
  A floating eye (Depths:4)
  39 orc warriors
  4 hell hounds (Elf:2)
  6 swamp drakes
  4 sky beasts
  2 black bears (shapeshifter)
  An eye of draining (D:14)
  7 black bears
  6 phantoms
  7 boggarts
  An elf zombie (Vaults:3)
  11 wolves
  42 ogres
  A boggart (shapeshifter) (Vaults:1)
  25 centaurs
  2 big kobolds (D:11)
  A yaktaur zombie (WizLab)
  23 bullfrogs
  An earth elemental (Elf:2)
  A wyvern skeleton (D:11)
  A hornet simulacrum (Vaults:1)
  6 scorpions
  An elf simulacrum (Vaults:3)
  7 killer bees
  13 wights
  A howler monkey (D:6)
  2 bullfrog zombies
  4 centaur zombies
  2 quasits
  4 hounds
  16 jellies
  21 orc priests
  10 centaur skeletons
  3 bullfrog skeletons
  4 iguanas
  28 orc wizards
  6 hell rats (Lair:6)
  8 worker ants
  8 ogre zombies (D:12)
  3 worker ant zombies
  A howler monkey zombie (D:11)
  15 adders
  A shadow imp (D:9)
  6 white imps
  3 ufetubi
  3 oozes
  2 adder zombies (D:7)
  An adder skeleton (D:5)
  4 worms
  2 dart slugs
  6 leopard geckos
  135 orcs
  8 giant cockroaches
  6 goblins
  9 hobgoblins
  5 jackals
  17 kobolds
  3 quokkas
  7 bats
  8 frilled lizards
  2 goblin skeletons (D:12)
  A goblin zombie (D:12)
  3 hobgoblin skeletons (D:12)
  A hobgoblin zombie (D:12)
  5 orc skeletons (D:12)
  13 orc zombies (D:12)
  10 rats
  A crawling corpse (Elf:1)
2247 creatures vanquished.

Vanquished Creatures (collateral kills)
  Vashnia (Snake:4)
  A bunyip (shapeshifter) (Depths:3)
  A naga sharpshooter (Snake:4)
3 creatures vanquished.

Vanquished Creatures (others)
  A naga warrior (Snake:4)
  A naga sharpshooter (Snake:3)
  A shadow wraith (Vaults:1)
  A mana viper (Snake:3)
  2 deep elf magi (Elf:1)
  A manticore (D:14)
  2 black mambas (Snake:3)
  A bullfrog zombie (D:11)
  An orc wizard (D:5)
  A bullfrog skeleton (D:11)
  A bullfrog simulacrum (D:11)
  9 foxfires
  63 fungi
  69 plants
  4 withered plants (D:12)
158 creatures vanquished.

Grand Total: 2408 creatures vanquished

Notes
Turn   | Place    | Note
-------+----------+-------------------------------------------
     0 | D:1      | promet the Vine Stalker Fighter began the quest for the
                  | Orb.
     0 | D:1      | Reached XP level 1. HP: 11/11 MP: 2/2
   362 | D:1      | Reached XP level 2. HP: 16/16 MP: 3/3
   665 | D:1      | Reached XP level 3. HP: 17/20 MP: 4/4
  1146 | D:2      | Found an opulent altar of Gozag.
  1277 | D:2      | Gained mutation: Your natural rate of healing is unusually
                  | fast. [Vine Stalker growth]
  1277 | D:2      | Reached XP level 4. HP: 16/25 MP: 3/5
  1760 | D:2      | Found a hazy altar of Hepliaklqana.
  2148 | D:3      | Noticed Grinder
  2148 | D:3      | Paralysed by Grinder for 6 turns
  2164 | D:3      | Killed Grinder
  2165 | D:3      | Reached skill level 1 in Slings
  2165 | D:3      | Reached XP level 5. HP: 22/29 MP: 6/6
  2165 | D:3      | Reached XP level 6. HP: 25/33 MP: 7/7
  2381 | D:3      | Found a sacrificial altar of Ru.
  3022 | D:3      | Reached skill level 1 in Stealth
  3103 | D:4      | Reached XP level 7. HP: 38/38 MP: 8/8
  3161 | D:4      | Found a white marble altar of Elyvilon.
  3386 | D:4      | Found a radiant altar of Vehumet.
  3479 | D:4      | Found an ornate altar of the Wu Jian Council.
  3487 | D:4      | Became a worshipper of the Wu Jian Council
  3897 | D:5      | Entered Level 5 of the Dungeon
  3950 | D:5      | Found Ylocog's Armour Emporium.
  3978 | D:5      | Bought a +0 chain mail of fire resistance for 115 gold
                  | pieces
  4003 | D:5      | Found Corph's Armour Emporium.
  4033 | D:5      | Bought a +0 cloak for 49 gold pieces
  4136 | D:5      | Gained mutation: You have razor-sharp teeth. [Vine Stalker
                  | growth]
  4136 | D:5      | Reached XP level 8. HP: 42/42 MP: 9/9
  4168 | D:5      | Reached skill level 1 in Dodging
  4191 | D:5      | Found Asaurat's Weapon Emporium.
  4237 | D:5      | Found Ziz Dot's Book Shoppe.
  4317 | D:5      | Found Buck's Jewellery Boutique.
  4416 | D:5      | Found a glowing drain.
  4536 | D:5      | Reached * piety under Wu Jian
  4546 | D:5      | Found Doelest's Serpentskin Sales.
  4577 | D:5      | Reached skill level 1 in Throwing
  4578 | D:5      | Reached skill level 5 in Fighting
  4703 | D:5      | Noticed Ijyb
  4704 | D:5      | Noticed Ijyb
  4704 | D:5      | Ijyb changed into Ijyb the adder
  4708 | D:5      | Killed Ijyb the adder
  4882 | D:5      | Found a shimmering blue altar of Sif Muna.
  5007 | D:6      | Reached skill level 5 in Short Blades
  5198 | D:6      | Found a bloodstained altar of Trog.
  5420 | D:6      | Reached XP level 9. HP: 48/48 MP: 10/10
  5732 | D:6      | Found Bockan's Weapon Shop.
  5871 | D:5      | Bought a +1 hat for 110 gold pieces
  6326 | D:6      | Reached skill level 5 in Armour
  6326 | D:6      | Reached skill level 5 in Shields
  6530 | D:7      | Found Iqeak's Distillery.
  6715 | D:7      | Reached ** piety under Wu Jian
  6726 | D:7      | Found a staircase to the Ecumenical Temple.
  6940 | D:7      | Bought a potion of curing for 36 gold pieces
  7335 | D:8      | Found a sparkling altar of Nemelex Xobeh.
  7341 | D:8      | Found an iron altar of Okawaru.
  7417 | D:8      | Found a roughly hewn altar of Beogh.
  7649 | D:8      | Noticed Maggie
  7657 | D:8      | Killed Maggie
  8152 | D:9      | Reached XP level 10. HP: 55/55 MP: 11/11
  8204 | D:9      | Reached *** piety under Wu Jian
  8580 | D:9      | Found Viylis's Antique Weapon Shoppe.
  8752 | D:9      | Bought a bloodstained rapier for 207 gold pieces
  8752 | D:9      | Identified the +10 rapier "Eparr" {elec, rN++ Int-3} (You
                  | bought it in a shop on level 9 of the Dungeon)
  8857 | D:9      | Found a glowing silver altar of Zin.
  9333 | D:10     | Entered Level 10 of the Dungeon
  9333 | D:10     | Noticed Nergalle
  9342 | D:10     | Killed Nergalle
  9460 | D:10     | Noticed Sonja
  9478 | D:10     | Killed Sonja
  9575 | D:10     | Killed an unseen horror
  9687 | D:10     | Noticed Erica
  9693 | D:10     | Killed Erica
  9694 | D:10     | Reached XP level 11. HP: 54/60 MP: 12/12
  9892 | D:10     | Found a staircase to the Lair.
 10086 | Lair:1   | Entered Level 1 of the Lair of Beasts
 10092 | Lair:1   | Reached skill level 2 in Stealth
 10264 | Lair:1   | Reached **** piety under Wu Jian
 10754 | Lair:1   | Reached skill level 3 in Stealth
 10947 | Lair:1   | Noticed a five-headed hydra
 10957 | Lair:1   | Killed a three-headed hydra
 11553 | Lair:2   | Reached skill level 4 in Stealth
 11632 | Lair:2   | Gained mutation: You heal very quickly. [Vine Stalker
                  | growth]
 11632 | Lair:2   | Reached XP level 12. HP: 62/67 MP: 13/13
 11693 | Lair:2   | Found a staircase to the Swamp.
 11745 | Lair:2   | Learned a level 1 spell: Freeze
 11818 | Lair:2   | Reached skill level 1 in Long Blades
 12103 | Lair:2   | Found a staircase to the Snake Pit.
 12124 | Lair:2   | Noticed a six-headed hydra
 12131 | Lair:2   | Killed a two-headed hydra
 12550 | Lair:3   | Reached skill level 10 in Short Blades
 12579 | Lair:3   | Noticed a five-headed hydra
 12588 | Lair:3   | Killed a two-headed hydra
 12589 | Lair:3   | Reached skill level 10 in Fighting
 12678 | Lair:3   | Noticed an eight-headed hydra
 12688 | Lair:3   | Killed a five-headed hydra
 12689 | Lair:3   | Reached skill level 5 in Stealth
 13715 | D:5      | Bought an uncursed amulet of reflection for 390 gold pieces
 13910 | D:11     | Noticed a sun demon
 14120 | D:11     | Noticed a centaur warrior
 14128 | D:11     | Killed a centaur warrior
 14249 | D:11     | Noticed a centaur warrior
 14265 | D:11     | Reached XP level 13. HP: 55/72 MP: 14/14
 14363 | D:11     | Reached skill level 6 in Stealth
 14418 | D:11     | Identified the cursed +1 chain mail of the Known World
                  | {Rampage Str+7}
 14423 | D:11     | Reached ***** piety under Wu Jian
 14874 | D:11     | Found Yblos's Magic Scroll Emporium.
 14929 | D:11     | Reached skill level 5 in Throwing
 15127 | D:11     | Noticed Fannar
 15179 | D:11     | Killed Fannar
 15943 | D:11     | Bought a scroll of blinking for 82 gold pieces
 16531 | D:12     | Found a portal to a secret trove of treasure.
 16676 | D:11     | Reached skill level 1 in Axes
 17727 | Lair:4   | Gained mutation: You are robust. (+10% HP) [potion of
                  | mutation]
 17727 | Lair:4   | Gained mutation: You are partially covered in large bone
                  | plates. (SH +4) [potion of mutation]
 17727 | Lair:4   | Gained mutation: You can translocate small distances at
                  | will. [potion of mutation]
 17907 | Lair:5   | Noticed Urug
 17916 | Lair:5   | Killed Urug
 18032 | Lair:5   | Reached XP level 14. HP: 80/86 MP: 15/15
 18789 | Lair:6   | Entered Level 6 of the Lair of Beasts
 19153 | Lair:6   | Reached ****** piety under Wu Jian
 19946 | Lair:6   | Found a staircase to the Slime Pits.
 20728 | Lair:6   | Got a warped bone ring
 20730 | Lair:6   | Identified the ring "Hapif" {Wiz Slay+5} (You found it on
                  | level 6 of the Lair of Beasts)
 21113 | D:12     | Found a stormy altar of Qazlal.
 21612 | D:12     | Reached XP level 15. HP: 93/93 MP: 16/16
 21695 | D:12     | Found a staircase to the Orcish Mines.
 21777 | D:12     | Identified the cursed +1 ring mail of Qemo {rElec rF- rCorr
                  | Dex-4} (You found it on level 12 of the Dungeon)
 21823 | D:12     | Found a runed translucent gate.
 21824 | D:12     | Found a runed translucent gate.
 21825 | D:12     | Found a runed translucent gate.
 21828 | D:12     | Noticed vvl's ghost (journeyman OpTm)
 21828 | D:12     | Noticed dtburroughs's ghost (journeyman MiBe)
 21828 | D:12     | Noticed Ekaitz's ghost (journeyman HOFE)
 22588 | Orc:1    | Entered Level 1 of the Orcish Mines
 22648 | Orc:1    | Noticed Harold
 22670 | Orc:1    | Killed Harold
 22714 | Orc:1    | Reached skill level 7 in Stealth
 22768 | Orc:1    | Noticed Josephine
 22776 | Orc:1    | Killed Josephine
 23153 | Orc:1    | Found a transporter.
 23446 | Orc:2    | Entered Level 2 of the Orcish Mines
 23531 | Orc:2    | Found a roughly hewn altar of Beogh.
 23548 | Orc:2    | Found Ujairoso's Distillery.
 23624 | Orc:2    | Found a staircase to the Elven Halls.
 23864 | Orc:2    | Found a radiant altar of Vehumet.
 23887 | Orc:2    | Found a roughly hewn altar of Beogh.
 23990 | Orc:2    | Found Uzugeuneon's Antique Weapon Shoppe.
 24097 | Orc:2    | Found a roughly hewn altar of Beogh.
 24204 | Orc:2    | Bought a potion of curing for 33 gold pieces
 24301 | Orc:2    | Found a roughly hewn altar of Beogh.
 24303 | Orc:2    | Found Houfoul's Gadget Shop.
 24495 | Orc:2    | Noticed an orc warlord
 24507 | Orc:2    | Killed an orc warlord
 24522 | Orc:2    | Reached skill level 1 in Evocations
 24894 | Orc:2    | Found Vetiodar's Antique Armour Shop.
 24895 | Orc:2    | Found a roughly hewn altar of Beogh.
 24898 | Orc:2    | Found Luije's Antique Weapon Boutique.
 24958 | Orc:2    | Bought a condenser vane for 640 gold pieces
 25833 | D:11     | Bought a scroll of enchant armour for 82 gold pieces
 26062 | Orc:2    | Bought a runed fustibalus for 522 gold pieces
 26858 | D:14     | Got a smoking steel ring
 26860 | D:14     | Identified the ring "Aman" {rN++ Will+ Stlth+} (You found
                  | it on level 14 of the Dungeon)
 26898 | D:14     | Reached skill level 8 in Stealth
 27006 | D:14     | Found a gate to the Vaults.
 27220 | D:14     | Got a smoking garnet amulet
 27231 | D:14     | Identified the amulet of Gaklud {RegenMP rElec rN++ Will+
                  | Int-4} (You found it on level 14 of the Dungeon)
 27233 | D:14     | Found a white marble altar of Elyvilon.
 27836 | D:15     | Entered Level 15 of the Dungeon
 27947 | D:15     | Identified Roxanne's Guide on Transmigration
 27947 | D:15     | Noticed Roxanne
 28137 | D:15     | Reached skill level 10 in Shields
 28146 | D:15     | Found Tiraschuo's Gadget Shoppe.
 28322 | D:15     | Found a staircase to the Depths.
 28404 | D:15     | Found a flickering gateway to a bazaar.
 28644 | D:15     | Reached XP level 16. HP: 90/100 MP: 17/17
 29214 | Swamp:1  | Entered Level 1 of the Swamp
 29224 | Swamp:1  | Identified a scroll of acquirement
 29227 | Swamp:1  | Acquired the +0 pair of boots of the Gusle {rF+++}
 29383 | Swamp:1  | Reached skill level 9 in Stealth
 30010 | Swamp:1  | Found a large runed translucent door.
 30010 | Swamp:1  | Noticed bnorton916's ghost (journeyman DECj)
 30011 | Swamp:1  | Found a large runed translucent door.
 30247 | Swamp:1  | Noticed Frances
 30263 | Swamp:1  | Killed Frances
 31279 | Swamp:2  | Reached skill level 5 in Evocations
 31304 | Swamp:2  | Reached skill level 10 in Stealth
 31810 | Swamp:2  | Noticed a fenstrider witch
 31816 | Swamp:2  | Killed a fenstrider witch
 32007 | Swamp:2  | Reached XP level 17. HP: 75/105 MP: 18/18
 32242 | Swamp:3  | Noticed Mara
 32249 | Swamp:3  | Noticed promet's illusion
 32259 | Swamp:3  | Killed Mara
 32260 | Swamp:3  | Reached skill level 10 in Armour
 32298 | Swamp:3  | Noticed Bai Suzhen
 32454 | Swamp:3  | Killed Bai Suzhen
 33104 | Swamp:4  | Entered Level 4 of the Swamp
 33392 | Swamp:4  | Lost mutation: You are robust. (+10% HP) [potion of
                  | mutation]
 33392 | Swamp:4  | Lost mutation: You can translocate small distances at will.
                  | [potion of mutation]
 33392 | Swamp:4  | Gained mutation: You expend magic power (3 MP) to
                  | strengthen your wands. [potion of mutation]
 33392 | Swamp:4  | Gained mutation: Your magical capacity is low. (-10% MP)
                  | [potion of mutation]
 33392 | Swamp:4  | Gained mutation: You are strong-willed. (Will+) [potion of
                  | mutation]
 33910 | Swamp:4  | Reached skill level 5 in Long Blades
 34355 | Swamp:4  | Reached skill level 5 in Dodging
 34625 | Swamp:4  | Got a decaying rune of Zot
 35168 | Snake:1  | Entered Level 1 of the Snake Pit
 35195 | Snake:1  | Noticed Nikola
 35198 | Snake:1  | Killed Nikola
 35199 | Snake:1  | Reached XP level 18. HP: 102/102 MP: 17/17
 35201 | Snake:1  | Identified the cursed +0 battleaxe "Hajorusi" {protect,
                  | Dex+3} (You found it on level 1 of the Snake Pit)
 35252 | Snake:1  | Reached skill level 11 in Stealth
 35529 | Snake:1  | Lost mutation: You are strong-willed. (Will+) [potion of
                  | mutation]
 35529 | Snake:1  | Gained mutation: You are frail. (-10% HP) [potion of
                  | mutation]
 35529 | Snake:1  | Lost mutation: You are frail. (-10% HP) [potion of
                  | mutation]
 35569 | Snake:1  | Found a snail-covered altar of Cheibriados.
 36100 | Snake:2  | Noticed Aizul
 36119 | Snake:2  | Killed Aizul
 36305 | D:7      | Bought a potion of mutation for 96 gold pieces
 36305 | D:7      | Lost mutation: You expend magic power (3 MP) to strengthen
                  | your wands. [potion of mutation]
 36305 | D:7      | Lost mutation: Your magical capacity is low. (-10% MP)
                  | [potion of mutation]
 36305 | D:7      | Gained mutation: You are partially covered in iridescent
                  | scales. (AC +2) [potion of mutation]
 36305 | D:7      | Gained mutation: You are weak. (Str -2) [potion of
                  | mutation]
 36305 | D:7      | Gained mutation: Scrolls take you a little longer to read.
                  | [potion of mutation]
 36305 | D:7      | Gained mutation: You regenerate. [potion of mutation]
 36476 | Snake:2  | Reached skill level 5 in Slings
 36653 | Snake:2  | Noticed Agnes
 36664 | Snake:2  | Killed Agnes
 37286 | Snake:3  | Found a shimmering altar of Xom.
 37686 | Snake:3  | Found a flickering gateway to a bazaar.
 38139 | Snake:3  | Identified the cursed +1 scale mail "Mioceel" {Regen+ MP+9
                  | Int+5 Slay+6} (You found it on level 3 of the Snake Pit)
 38791 | Snake:4  | Entered Level 4 of the Snake Pit
 39063 | Snake:4  | Reached XP level 19. HP: 107/107 MP: 20/20
 39312 | Snake:4  | Reached skill level 15 in Fighting
 39339 | Snake:4  | Noticed Saint Roka
 39356 | Snake:4  | Killed Saint Roka
 39583 | Snake:4  | Found a runed translucent gate.
 39583 | Snake:4  | Found a runed translucent gate.
 39585 | Snake:4  | Found an opulent altar of Gozag.
 39585 | Snake:4  | Found a runed translucent gate.
 39587 | Snake:4  | Noticed Nuavonux's ghost (adept MiFi)
 39837 | Snake:4  | Noticed Vashnia
 39853 | Snake:4  | Killed Vashnia
 41070 | Snake:4  | Acquired 645 gold pieces
 41108 | Snake:4  | Got a serpentine rune of Zot
 41487 | Snake:4  | Learned a level 1 spell: Animate Skeleton
 41489 | Snake:4  | Learned a level 1 spell: Pain
 41924 | Depths:1 | Entered Level 1 of the Depths
 42021 | Depths:1 | You fall into a shaft and drop 1 floor!
 42193 | Depths:1 | Reached XP level 20. HP: 114/114 MP: 21/21
 42371 | Depths:1 | Found a burning altar of Makhleb.
 42387 | Depths:1 | Found Zopte's Gadget Shoppe.
 42387 | Depths:1 | Found Cuerr's Distillery.
 42678 | Depths:1 | Bought a phantom mirror for 840 gold pieces
 42734 | Depths:1 | Reached skill level 12 in Stealth
 42848 | Depths:1 | Found a gateway to Hell.
 43110 | Depths:1 | Found a shimmering blue altar of Sif Muna.
 43205 | Depths:1 | Identified the amulet of the Ego {RegenMP rC- Str+4 SInv}
 43566 | Depths:2 | Found a one-way gate to the infinite horrors of the Abyss.
 43575 | Depths:2 | Found Teatu's Jewellery Emporium.
 43709 | Depths:2 | Reached skill level 1 in Necromancy
 44001 | Depths:2 | Reached skill level 1 in Spellcasting
 44073 | Depths:2 | Noticed a lich
 44077 | Depths:2 | Killed a lich
 44368 | Depths:2 | Noticed a juggernaut
 44384 | Depths:2 | Reached skill level 13 in Stealth
 45189 | Depths:2 | Killed a juggernaut
 45286 | Depths:2 | Reached XP level 21. HP: 97/120 MP: 23/23
 45540 | Depths:3 | Identified the cursed +0 leather armour of Uskayaw {Int+3}
                  | (You found it on level 3 of the Depths)
 45633 | Depths:3 | Found a one-way gate leading to the halls of Pandemonium.
 45766 | Depths:3 | Found a magical portal.
 45811 | WizLab   | Entered Doroklohe's Tomb
 45898 | WizLab   | Reached skill level 14 in Stealth
 46172 | WizLab   | Noticed a royal mummy
 46649 | Depths:3 | Reached skill level 15 in Short Blades
 47115 | Depths:3 | Noticed a caustic shrike
 47432 | Depths:3 | Reached skill level 10 in Evocations
 47486 | Depths:3 | Reached skill level 10 in Throwing
 47763 | Depths:3 | Reached skill level 15 in Stealth
 47794 | Depths:3 | Killed a caustic shrike
 47854 | Depths:3 | Reached XP level 22. HP: 115/126 MP: 26/26
 47965 | Depths:3 | Acquired the +10 long sword "Beastslayer" {venom, rF+++ rC-
                  | Dex-5 SInv}
 47986 | Depths:3 | Noticed a juggernaut
 48006 | Depths:3 | Killed a juggernaut
 48084 | Depths:3 | Identified the Compendium of Quantum Intoxication
 48093 | Depths:3 | Learned a level 1 spell: Sandblast
 48413 | Depths:3 | Noticed a caustic shrike
 48422 | Depths:3 | Killed a caustic shrike
 48886 | Depths:3 | Noticed a caustic shrike
 48895 | Depths:3 | Killed a caustic shrike
 49059 | Depths:4 | Noticed a golden dragon
 49087 | Depths:4 | Killed a golden dragon
 49208 | Depths:4 | Acquired 752 gold pieces
 49326 | Depths:3 | Learned a level 1 spell: Magic Dart
 49976 | Depths:4 | Reached skill level 16 in Stealth
 50321 | Depths:4 | You fall into a shaft and drop 1 floor!
 50321 | Depths:5 | Entered Level 5 of the Depths
 50349 | Depths:5 | Found a gateway to a ziggurat.
 50581 | Depths:5 | Identified the +1 great sword of the Endless Expanse
                  | {vorpal, *Drain rPois rF+ rN++} (You found it on level 5 of
                  | the Depths)
 50677 | Depths:5 | Reached XP level 23. HP: 132/132 MP: 29/29
 51225 | Depths:5 | Noticed a golden dragon
 51225 | Depths:5 | Noticed a golden dragon
 51227 | Depths:5 | Found a gate to the Realm of Zot.
 51234 | Depths:5 | Killed a golden dragon
 51235 | Depths:5 | Reached skill level 17 in Stealth
 51236 | Depths:5 | Killed a golden dragon
 51670 | Vaults:1 | Entered Level 1 of the Vaults
 51738 | Vaults:1 | Reached skill level 15 in Shields
 52624 | Vaults:1 | Found a runed translucent gate.
 52624 | Vaults:1 | Found a runed translucent gate.
 52624 | Vaults:1 | Found a runed translucent gate.
 52677 | Vaults:1 | Noticed Xafer's ghost (adept DsGl)
 52689 | Vaults:1 | Found the +3 giant club "Skullcrusher" {speed, Str+7}
 53854 | Vaults:1 | Killed Xafer's ghost
 53977 | Vaults:1 | Found an iron altar of Okawaru.
 55595 | Vaults:2 | Reached XP level 24. HP: 139/139 MP: 30/30
 55684 | Vaults:2 | Reached skill level 18 in Stealth
 58249 | Vaults:3 | Noticed Jory
 58259 | Vaults:3 | Killed Jory
 58362 | Vaults:3 | Noticed Boris
 58390 | Vaults:3 | Killed Boris
 58530 | Vaults:3 | Found Xieri's Antique Armour Boutique.
 58722 | Vaults:3 | Found a staircase to the Crypt.
 60115 | Vaults:4 | Noticed Xtahua
 60129 | Vaults:4 | Killed Xtahua
 61707 | Elf:1    | Entered Level 1 of the Elven Halls
 61820 | Elf:1    | Found a runed translucent gate.
 61820 | Elf:1    | Found an opulent altar of Gozag.
 61839 | Elf:1    | Found a runed translucent gate.
 61839 | Elf:1    | Found a runed translucent gate.
 61841 | Elf:1    | Noticed wobbling's ghost (adept DsGl)
 61937 | Elf:1    | Reached XP level 25. HP: 145/145 MP: 30/30
 62223 | Elf:1    | Found a ruined gateway.
 62594 | Elf:1    | Found a runed translucent gate.
 62594 | Elf:1    | Found a runed translucent gate.
 62594 | Elf:1    | Found a runed translucent gate.
 62594 | Elf:1    | Found a runed translucent gate.
 62594 | Elf:1    | Found a runed translucent gate.
 62598 | Elf:1    | Found a runed translucent gate.
 64144 | Elf:2    | Noticed Azrael
 64158 | Elf:2    | Killed Azrael
 64292 | Elf:2    | Found a huge runed translucent gate.
 64292 | Elf:2    | Found a huge runed translucent gate.
 64293 | Elf:2    | Found a huge runed translucent gate.
 64294 | Elf:2    | Found a huge runed translucent gate.
 64303 | Elf:2    | Found a huge runed translucent gate.
 65432 | Elf:3    | Entered Level 3 of the Elven Halls
 65834 | Vaults:5 | Entered Level 5 of the Vaults
 66352 | Vaults:5 | Identified the +10 halberd of Famine {drain, +Blink +Rage
                  | rF++ Str-2}
 66352 | Vaults:5 | Identified the +2 chain mail "Xycuicimm" {rPois Dex-4
                  | Stlth+}
 66638 | Vaults:5 | Identified the +2 robe "Sywk" {+Fly rF+ Will-}
 66646 | Vaults:5 | Reached XP level 26. HP: 142/151 MP: 29/30
 67588 | Vaults:1 | Got a colourful robe
 67598 | Vaults:1 | Identified the +1 robe "Ypeintuch" {Int-2 Dex+7} (You found
                  | it on level 1 of the Vaults)
 67818 | Vaults:5 | Found Ulavy's Distillery.
 68205 | Vaults:5 | Identified the +2 flail "Koahuw Tok" {venom, Int+3 Stlth+}
                  | (You found it on level 5 of the Vaults)
 68646 | Vaults:5 | Found Kyic Fib's Distillery.
 68673 | Vaults:5 | Got a silver rune of Zot
 69100 | Vaults:5 | Identified the ring "Mumo" {*Tele rF++ rC++ Dex+4}
 69195 | Vaults:5 | Identified Eraamaek's Guide on Glacial Clay
 69775 | Vaults:5 | Got a warped plate armour
 69785 | Vaults:5 | Identified the +3 plate armour of Spite {rF- rC+++ rCorr
                  | Str+2} (You found it on level 5 of the Vaults)
 69827 | Vaults:5 | Acquired 1073 gold pieces
 70097 | Vaults:5 | Noticed Boris
 70107 | Vaults:5 | Killed Boris
 70499 | Zot:1    | Entered Level 1 of the Realm of Zot
 71067 | Zot:1    | Reached XP level 27. HP: 101/156 MP: 30/30
 72261 | Zot:2    | Reached skill level 19 in Stealth
 74100 | Zot:3    | Noticed an orb of fire
 74123 | Zot:3    | Gained mutation: You are frail. (-10% HP) [an orb of fire]
 74248 | Zot:3    | You fall into a shaft and drop 1 floor!
 74265 | Zot:3    | Gained mutation: You are strong-willed. (Will+) [an orb of
                  | fire]
 74285 | Zot:2    | Killed an orb of fire
 74286 | Zot:2    | Reached skill level 15 in Throwing
 74413 | Zot:3    | Reached skill level 15 in Armour
 75054 | Zot:4    | Found a transporter.
 75680 | Zot:4    | Acquired a manual of Stealth
 75730 | Zot:4    | Learned a level 3 spell: Vampiric Draining
 75768 | Zot:4    | Found a transporter.
 76252 | Zot:5    | Entered Level 5 of the Realm of Zot
 76379 | Zot:5    | Reached skill level 5 in Spellcasting
 77038 | Zot:5    | Reached skill level 20 in Stealth
 77283 | Zot:5    | Acquired the +0 pair of gloves of the Maze {*Drain rF++
                  | rC+++ Stlth-}
 77483 | Zot:5    | Reached skill level 5 in Necromancy
 77641 | Zot:5    | Noticed an ancient lich
 77759 | Zot:5    | Noticed an orb of fire
 77761 | Zot:5    | Noticed an orb of fire
 77805 | Zot:5    | Killed an orb of fire
 77807 | Zot:5    | Gained mutation: You have a pair of small horns on your
                  | head. [an orb of fire]
 77813 | Zot:5    | Gained mutation: Scrolls take you longer to read. [an orb
                  | of fire]
 77815 | Zot:5    | Gained mutation: You tend to lose your temper in combat.
                  | [an orb of fire]
 77817 | Zot:5    | Lost mutation: You tend to lose your temper in combat. [an
                  | orb of fire]
 77825 | Zot:5    | Gained mutation: You are very weak. (Str -4) [an orb of
                  | fire]
 77826 | Zot:5    | Gained mutation: Armour fits poorly on your strangely
                  | shaped body. [an orb of fire]
 77829 | Zot:5    | Lost mutation: You are frail. (-10% HP) [an orb of fire]
 77829 | Zot:5    | Gained mutation: You tend to lose your temper in combat.
                  | [an orb of fire]
 77983 | Zot:5    | Killed an ancient lich
 78280 | Zot:5    | Reached skill level 10 in Slings
 78344 | Zot:5    | Reached skill level 21 in Stealth
 78384 | Zot:5    | Noticed an ancient lich
 78385 | Zot:5    | HP: 3/158 [Orb Guardian (18)]
 78386 | Zot:5    | Mangled by a ghost moth

Illustrated notes

Levels and vault maps discovered:
D:1:      minmay_arrival_semitransparent, layout_rooms, minivault_25
D:2:      layout_rooms, nzn_hepliaklqana_mist_gate, grunt_gozag_breadcrumbs,
          grunt_decor_junction
D:3:      layout_basic, general_overflow_altar, uniq_grinder
D:4:      layout_rooms, lemuel_doored_altar, kennysheep_little_box,
          nzn_wu_jian_council_hall
D:5:      layout_rooms, tgw_sif, serial_shops, nicolae_shop_crystal, shop,
          nicolae_shop_statue_plus, shop, nicolae_shop_stone,
          gup_sewer_entry_glass, guppyfry_shop_venom, uniq_ijyb
D:6:      minmay_spotlight, layout_basic, trog_ov_bears_minmay, serial_shops,
          shop
D:7:      layout_basic, minmay_temple_entry_ruins, serial_shops,
          nicolae_shop_window_shopping, glass_columns_b
D:8:      layout_loops_ring, minitemple, special_room [special_room_orc],
          hex_tiny, uniq_maggie
D:9:      layout_long_grid, serial_shops, shop, basic_altar,
          serial_co_window_serial, co_window_paths_b, co_window_cross_1,
          co_window_corner_a, co_window_corner_a, co_window_of_opportunity_a,
          co_window_corner_a, co_window_paths_b, co_window_paths_a,
          co_window_paths_b, co_window_corner_b, co_window_cross_4,
          co_window_of_opportunity_b, co_window_2corner, co_window_2corner,
          co_window_paths_d, hangedman_decor_slide_cut, st_stairs_2
D:10:     layout_rooms, due_lair_maze_entry_diamond, uniq_erica, uniq_sonja,
          uniq_nergalle
D:11:     minmay_the_grid_square_5x5_4x4_mashed
          [minmay_the_grid_square_5x5_slash,
          minmay_the_grid_square_5x5_sharp_hourglass,
          minmay_the_grid_square_5x5_misaligned, minmay_the_grid_square_5x5_two,
          minmay_the_grid_square_5x5_almost_minimal,
          minmay_the_grid_square_5x5_prize_itemx,
          minmay_the_grid_square_5x5_prize_deathbox,
          minmay_the_grid_square_5x5_dogpile,
          minmay_the_grid_square_5x5_fancy_junction,
          minmay_the_grid_square_5x5_prize_gold,
          minmay_the_grid_square_5x5_prize_junk,
          minmay_the_grid_square_5x5_comb,
          minmay_the_grid_square_5x5_intrusive_squares,
          minmay_the_grid_square_5x5_eight,
          minmay_the_grid_square_5x5_checkered_statues,
          minmay_the_grid_square_5x5_fat_x], layout_layer_cave, serial_shops,
          nicolae_shop_waterfront, uniq_fannar
D:12:     layout_loops_ring, zombieorc2_lemuel, gammafunk_ghost_cemetery,
          nicolae_trove_entry_free_sample, portal_ice_cave_demonic_guard,
          basic_altar
D:13:     layout_rooms
D:14:     layout_loops_ring, erik_vaults_1, serial_aquarium,
          aquarium_bridge_square [aquarium_subvault_bridge,
          aquarium_subvault_bridge, aquarium_subvault_bridge,
          aquarium_subvault_wall], aquarium_window_fake, aquarium_window_fake,
          aquarium_window_fake, aquarium_window_1, aquarium_view_2c,
          aquarium_view_2d, aquarium_pool_corner, basic_altar
D:15:     grunt_enter_depths_snipers, layout_small_grid,
          minmay_misc_feat_enclosed, serial_shops, bzr_entry_gold, shop_statue,
          feat_on_display, uniq_roxanne
Lair:1:   layout_layer_cave, st_stairs_11, grunt_megastairs_5
Lair:2:   layout_chaotic_city, swamp_mist_pool, guppyfry_snake_entry_garden,
          infiniplex_staircase_pool_2
Lair:3:   layout_regular_city, grunt_megastairs_2, serial_bayou_shore_b
Lair:4:   layout_hall_layers, grunt_megastairs_3, serial_bayou_shore_b
Lair:5:   layout_gridlike, uniq_urug
Lair:6:   grunt_lair_end_beastmaster, layout_regular_city,
          minmay_slime_entry_jelly_boxes, small_statue_intersection
Swamp:1:  layout_basic_swamp, ebering_ghost_disaster_area,
          hangedman_swamp_diagram, swamp_pool1, uniq_frances
Swamp:2:  nzn_winding_woodlands_small [nzn_winding_woodlands_5x15_pockets,
          nzn_winding_woodlands_center_pierced_h,
          nzn_winding_woodlands_5x15_longhouse], layout_basic_swamp,
          hangedman_swamp_pad
Swamp:3:  layout_basic_swamp, evilmike_swamp_ruin_rubble_1, uniq_bai_suzhen,
          uniq_mara
Swamp:4:  swamp_basic_johnstein, layout_basic_swamp, swamp_pool1
Snake:1:  layout_rooms, basic_altar, uniq_nikola
Snake:2:  layout_misc_corridors, st_stairs_14, hangedman_venom_bottle,
          uniq_agnes, uniq_aizul
Snake:3:  cheibrodos_snake_lava_hold, layout_rooms, serial_shops, freezing_bzr,
          basic_altar, st_stairs_3
Snake:4:  snake_pit, layout_cave_town, ebering_ghost_gozag, grunt_megastairs_4,
          uniq_saint_roka, uniq_vashnia
Orc:1:    emtedronai_trogs_sanctum, layout_diamond_mine, nicolae_orc_rockfall,
          mines_bat_river, uniq_josephine, uniq_harold
Orc:2:    grunt_orc_community_town_hall, layout_caves,
          grunt_orc_community_big_house_1, grunt_orc_community_big_house_1,
          grunt_orc_community_house_2, grunt_orc_community_house_1,
          grunt_orc_community_house_1, grunt_orc_community_house_3,
          grunt_orc_community_house_1, grunt_orc_community_house_1, basic_altar,
          serial_shops, nicolae_shop_crystal
Elf:1:    layout_geoelf_octagon, portal_desolation_entry_twin_temple,
          ebering_ghost_gozag, orc_legates
Elf:2:    layout_rooms, uniq_azrael
Elf:3:    elf_hall_gauntlet_wide, layout_onion_city, basic_altar
Vaults:1: gammafunk_vaults_ghost_fury_of_okawaru, nicolae_vaults_network_s,
          vaults_standard_mumra_lines, nicolae_vaults_specimen_jars,
          vaults_room_ringed_pool, hangedman_vaults_hat, v_misc_27,
          hangedman_vaults_stitches, v_misc_19, serial_ice_g,
          nicolae_vaults_border_crossing, vaults_room_grid,
          nicolae_vaults_ring_of_whatevers, layout_vaults_omnibox
Vaults:2: nicolae_vaults_hallways_thing, ontoclasm_vaults_hangar,
          vaults_room_grid, v_misc_17, st_cross, nicolae_vaults_rhombus_7,
          v_pattern_3, nicolae_vaults_asterisk, vaults_mumra_chevron,
          ontoclasm_vaults_decontamination, layout_vaults_quadrants,
          serial_glass
Vaults:3: minmay_crypt_entry_simple_plaza, v_misc_28, grunt_vaults_hallway_long,
          nicolae_vaults_network_periphery, vaults_room_door_ring,
          ontoclasm_vaults_claustrophobia, grunt_vaults_funnel, v_misc_26,
          hangedman_vaults_restitches, ontoclasm_vaults_fault,
          layout_vaults_ring, serial_shops, shop, uniq_boris, uniq_jory
Vaults:4: v_misc_31, v_misc_30, v_misc_24, nicolae_vaults_puzzle_piece,
          ontoclasm_vaults_pinch, v_misc_2, layout_vaults_chaotic_city,
          uniq_xtahua
Vaults:5
Depths:1: layout_cave_shapes, pf_vacation_house_of_asmodeus, basic_altar,
          st_stairs_13, hangedman_summoners_spam, minmay_shoptagon
Depths:2: minmay_connected_boxes_in_corner, layout_honeycomb,
          hangedman_abyss_entry_splay, minmay_staircase_bubble, serial_shops,
          shop_statue, hell_entry, hangedman_decor_riveting, firewood_loft
Depths:3: hangedman_grunt_twisty_little_passages, layout_basic,
          infiniplex_enter_wizlab_glasses, hell_entry, rand_demon_pan_entry_1,
          kennysheep_nub
Depths:4: minmay_quarter_circles, layout_gridville, rand_demon_pan_entry_4,
          serial_sigils_hangedman_etch, abyss_entry, hell_entry,
          infiniplex_staircase_pillars_1
Depths:5: grunt_zot_entry_gee_three, layout_basic, enter_ziggurat_b, hell_entry
Zot:1:    layout_gridlike
Zot:2:    layout_twisted_circle
Zot:3:    layout_misc_corridors
Zot:4:    gammafunk_dig_for_victory, layout_twisted_circle
Zot:5:    layout_gridlike, hangedman_zot_decor_scrapings

Skill      XL: |  1  2  3  4  5  6  7  8  9 10 11 12 13 14 15 16 17 18 19 20 21 22 23 24 25 26 27 |
---------------+----------------------------------------------------------------------------------+-----
Fighting       | 3 4 5 7 8 9 10 11 12 13 14 15 16 17 18 19 20 | 20.6
Short Blades   | 2 3 4 5 7 8 9 10 11 12 13 14 15 16 17 | 17.3
Shields        | 3 4 5 6 7 8 9 10 11 12 13 14 15 16 17 18 | 18.9
Slings         | 1 2 3 4 5 6 7 10 | 10.1
Armour         | 3 4 5 6 7 8 9 10 11 12 13 14 15 | 15.5
Stealth        | 1 4 5 6 8 10 11 13 15 16 17 18 21 | 21.0
Dodging        | 1 2 3 4 5 6 7 |  7.5
Throwing       | 2 3 4 5 6 7 8 9 10 11 12 14 15 | 15.2
Long Blades    | 2 3 4 5 6 |  6.0
Axes           | 1 |  1.4
Evocations     | 3 5 7 8 9 10 | 10.3
Necromancy     | 1 2 3 4 5 |  5.0
Spellcasting   | 1 2 3 4 5 |  5.3
Maces & Flails | |  0.4

Action                   |  1- 3 |  4- 6 |  7- 9 | 10-12 | 13-15 | 16-18 | 19-21 | 22-24 | 25-27 || total
-------------------------+-------+-------+-------+-------+-------+-------+-------+-------+-------++-------
Melee: Rapier            |    99 |    92 |   364 |   322 |   982 |   829 |   920 |    26 |    93 ||  3727
       Bite              |    35 |    25 |   152 |   169 |   521 |   419 |   532 |  1103 |  1559 ||  4515
       Hand axe          |       |       |     8 |       |     1 |       |       |       |       ||     9
       Scimitar          |       |       |       |    16 |    20 |    79 |       |       |       ||   115
       War axe           |       |       |       |       |     3 |     1 |       |       |       ||     4
       Long sword        |       |       |       |       |    10 |       |       |    37 |       ||    47
       Quick blade       |       |       |       |       |       |       |   174 |  1935 |  2598 ||  4707
       Fustibalus        |       |       |       |       |       |       |     3 |     3 |     6 ||    12
       Spear             |       |       |       |       |       |       |     3 |       |     2 ||     5
       Flail             |       |       |       |       |       |       |       |       |     5 ||     5
       Headbutt          |       |       |       |       |       |       |       |       |    31 ||    31
       Unarmed           |       |       |       |       |       |       |       |       |     1 ||     1
 Fire: Hunting sling     |     7 |     4 |    10 |     4 |     6 |       |       |       |       ||    31
       Fustibalus        |       |       |       |       |    20 |    85 |    15 |    76 |   176 ||   372
Throw: Dart              |       |     1 |    22 |    11 |    39 |     3 |     6 |     4 |     5 ||    91
       Boomerang         |       |       |     8 |    21 |   112 |   142 |   126 |   131 |   146 ||   686
 Cast: Pain              |       |       |       |       |       |       |     1 |       |       ||     1
       Animate Skeleton  |       |       |       |       |       |       |    14 |    15 |    19 ||    48
       Vampiric Draining |       |       |       |       |       |       |       |       |     1 ||     1
Invok: Lunge             |       |       |    21 |    33 |     3 |    92 |   125 |   120 |   157 ||   551
       Whirlwind         |       |       |    12 |    19 |   121 |    85 |   200 |   412 |   385 ||  1234
       Serpent's Lash    |       |       |       |     1 |     1 |       |     2 |     4 |     2 ||    10
       Heavenly Storm    |       |       |       |       |     3 |       |     2 |     3 |     1 ||     9
 Abil: Wall Jump         |       |       |       |     2 |    17 |     7 |    19 |    24 |    47 ||   116
       Blink             |       |       |       |       |     1 |       |       |       |       ||     1
Evoke: Wand              |       |       |     4 |       |     4 |     4 |     6 |     1 |     7 ||    26
       Lightning rod     |       |       |       |       |     1 |     6 |     4 |     4 |     8 ||    23
       Tin of tremorston |       |       |       |       |     1 |     6 |     6 |     2 |     4 ||    19
       Condenser vane    |       |       |       |       |       |     4 |     2 |     2 |     3 ||    11
       Box of beasts     |       |       |       |       |       |       |     4 |     2 |     1 ||     7
       Phantom mirror    |       |       |       |       |       |       |     1 |     2 |     1 ||     4
  Use: Scroll            |     5 |     2 |    13 |     9 |    15 |    18 |    11 |    19 |    22 ||   114
       Potion            |     1 |     4 |     2 |     3 |     5 |     7 |     1 |       |     7 ||    30
 Stab: Sleeping          |       |       |     1 |    13 |     4 |    10 |    15 |    18 |    15 ||    76
       Petrifying        |       |       |       |       |     1 |       |       |       |       ||     1
       Distracted        |       |       |       |       |       |     3 |    10 |     3 |     8 ||    24
       Confused          |       |       |       |       |       |     1 |       |       |       ||     1
       Invisible         |       |       |       |       |       |       |       |       |     3 ||     3
Armor: Scale mail        |    29 |    18 |    19 |       |       |       |    58 |    32 |     2 ||   158
       Chain mail        |       |       |   115 |       |   147 |   232 |    41 |       |     1 ||   536
       Swamp dragon scal |       |       |    10 |    53 |       |       |       |       |       ||    63
       Troll leather arm |       |       |       |     6 |     1 |       |       |       |       ||     7
       Gold dragon scale |       |       |       |       |       |       |       |   109 |   174 ||   283
       Plate armour      |       |       |       |       |       |       |       |       |   120 ||   120
       Robe              |       |       |       |       |       |       |       |       |    11 ||    11
Dodge: Dodged            |    16 |    17 |    67 |    88 |   162 |   179 |   127 |    70 |   178 ||   904
Block: Kite shield       |    36 |    43 |   170 |   149 |   511 |   682 |   494 |   621 |  1059 ||  3765
       Reflection        |       |       |       |     1 |    43 |   100 |    97 |   137 |    95 ||   473
       Other             |       |       |       |       |       |       |       |       |     2 ||     2
       Rpst.: Scimitar   |       |       |       |       |     1 |     1 |       |       |       ||     2
       Long sword        |       |       |       |       |     1 |       |       |     1 |     1 ||     3
